[Event "12th WLC Weekend 2022"]
[Site "Eindhoven"]
[Date "2022.05.15"]
[Round "5.4"]
[White "Jansen, Bob"]
[Black "Boeren, Jurriaan"]
[Result "1-0"]
[ECO "D00"]
[WhiteElo "2174"]
[BlackElo "1778"]
[Annotator "TA"]
[PlyCount "33"]
[EventDate "2022.05.13"]
[EventType "swiss"]
[EventCountry "NED"]
[SourceTitle "playchess.com"]
[Source "ChessBase"]
[SourceQuality "1"]
[TimeControl "5400+30"]

1. d4 d5 2. Nc3 Nf6 3. Bf4 e6 4. e3 a6 5. g4 Nxg4 6. Qxg4 $14 {[%emt 0:11:05] Strongly threatening Qg3. D00: 1 d4 d5: Unusual lines.} e5 $1 {[%emt 0:01:19] [#]} 7. Qh5 $146 ({Predecessor:} 7. Qg5 exf4 8. Qxd8+ Kxd8 9. Nxd5 fxe3 10. Nxe3 g6 11. Nf3 f6 12. O-O-O Bh6 13. Bg2 {0-1 (36) Free,G (1926)-Hilby,C (2420) Irving 2018}) 7... exf4 8. Nxd5 {[%emt 0:00:54] Hoping for Qe5+. The position is equal.} Bd6 {[%emt 0:02:43] Against Qe5+} 9. O-O-O Be6 (9... fxe3 $11 10. fxe3 c6) 10. Nc3 {[%emt 0:02:48] White is more active.} (10. Nxf4 $16 Bxa2 11. Qa5 Bxf4 12. Qxa2) 10... fxe3 $11 11. fxe3 O-O (11... Nd7 $11 {remains equal.}) 12. e4 ({Much weaker is} 12. Bd3 g6 13. Qh6 Re8 $11) ({White should play} 12. Nf3 $16) 12... g6 13. Qe2 (13. Qh6 $14) 13... Qg5+ (13... c5 $1 $11 14. d5 Bc8) 14. Kb1 $14 {[%emt 0:00:52] Black must now prevent e5.} Bg4 {[%emt 0:06:48] [#]} (14... c5 $14) 15. Qg2 $1 $18 ({Much less strong is} 15. Nf3 $6 Qh5 16. Bg2 Re8 $16) 15... Bf4 $2 {[%emt 0:01:28] [#]} (15... Qh4 {was necessary.}) 16. h4 $1 Qh5 {[%emt 0:01:21] [#]} 17. Nd5 $1 {[%emt 0:00:03] Weighted Error Value: White=0.25 (precise) /Black=0.58} 1-0

[Event "12th WLC Weekend 2022"]
[Site "Eindhoven"]
[Date "2022.05.15"]
[Round "5.5"]
[White "Grooten, Herman"]
[Black "Klapwijk, Bram"]
[Result "1-0"]
[ECO "E04"]
[WhiteElo "2286"]
[BlackElo "2245"]
[Annotator "TA"]
[PlyCount "95"]
[EventDate "2022.05.13"]
[EventType "swiss"]
[EventCountry "NED"]
[SourceTitle "playchess.com"]
[Source "ChessBase"]
[SourceQuality "1"]
[TimeControl "5400+30"]

1. d4 d5 2. c4 c6 3. Nf3 Nf6 4. g3 e6 5. Bg2 dxc4 6. Ne5 b5 {[%emt 0:01:35] E04: Open Catalan: 5 Nf3.} 7. a4 {[%emt 0:00:30] axb5 is the strong threat.} Nd5 8. Nc3 (8. O-O $14) 8... b4 (8... f6 $11 9. Ng4 b4 10. Nxd5 cxd5) 9. Ne4 $14 Be7 {[%emt 0:21:04] Inhibits Ng5.} 10. Nxc4 {[%emt 0:01:16] [#]} f6 $146 ({Better is} 10... Ba6 $14 11. Qc2 b3 12. Qxb3 O-O) ({Predecessor:} 10... O-O 11. O-O Nd7 12. Bf4 Nxf4 13. gxf4 Ba6 14. Rc1 Rc8 15. Re1 f5 16. Ned2 c5 {½-½ (44) Gleizerov,E (2589)-Pridorozhni,A (2493) Cappelle la Grande 2004}) 11. O-O Na6 (11... Ba6 $142) 12. Qc2 O-O 13. Rd1 Rb8 14. Ned2 {[%emt 0:07:53] Hoping for Nb3.} b3 15. Nxb3 Nab4 16. Qd2 (16. Qe4 $16) 16... Ba6 17. Nca5 f5 18. e4 $1 fxe4 19. Bxe4 Qc7 {[%emt 0:12:18] [#]} (19... Bd6 $11) 20. Qe1 $1 $16 Bd6 21. Bd2 Rbe8 22. Rac1 Bb7 $2 (22... Nd3 $16 23. Bxd3 Bxd3) 23. Nxb7 Qxb7 24. Na5 Qc7 25. Nc4 Be7 26. Bb1 {[%emt 0:03:46] This bishop pair is nice.} Kh8 (26... Bd6 $142 27. Be4 (27. Qe4 g6 $18) 27... Re7) 27. Ne5 {[%emt 0:05:25] [#] Strongly threatening Qf1.} a5 $2 (27... Bd6 {is a better defense.} 28. Bxb4 Nxb4 29. Nxc6 Qb7) 28. Qe4 g6 29. Qg4 Bf6 30. Re1 Bg7 (30... Qg7 $142 31. Re2 (31. Nxc6 Nxc6 32. Rxc6 Bxd4 $16) 31... Bxe5) 31. Qh3 {[%emt 0:02:26] Threatening mate with Nxg6+.} ({Weaker is} 31. Bxg6 hxg6 32. Nxg6+ Kg8 33. Nxf8 Rxf8 $18) 31... Kg8 32. Re4 Bxe5 33. Rxe5 ({Don't do} 33. Bxb4 $6 Nxb4 34. Rxe5 Qb6 $16) 33... Qa7 34. Qh4 Qf7 35. Re2 {[%emt 0:01:45] Active counter play!} Qf3 36. Qe4 Qb3 37. h4 Nf6 38. Qe3 Qxa4 39. Qg5 (39. Bxb4 $18 Qxb4 40. Rxc6) 39... Re7 $2 {[%emt 0:00:40] Loses the game.} (39... Nbd5 $16) 40. h5 Qb3 $2 (40... Qb5 41. Qxb5 cxb5 42. hxg6 hxg6) 41. hxg6 $18 hxg6 42. Bf4 {[%emt 0:01:58][%cal Ob1f5] Black must now prevent Bf5!} Rg7 43. Bd6 {[%emt 0:01:14] White is clearly winning.} Nh7 44. Qxa5 Qf3 (44... Nd5 $142 45. Bxf8 Nxf8) 45. Bxf8 Nxf8 46. Re3 Qg4 47. Qxb4 Rh7 48. Be4 {[%emt 0:00:26] Weighted Error Value: White=0.27 (precise) /Black=0.51} 1-0

[Event "12th WLC Weekend 2022"]
[Site "Eindhoven"]
[Date "2022.05.15"]
[Round "5.6"]
[White "Smit, Maarten"]
[Black "Baselmans, Luuk"]
[Result "0-1"]
[ECO "A11"]
[WhiteElo "2056"]
[BlackElo "2233"]
[Annotator "TA"]
[PlyCount "106"]
[EventDate "2022.05.13"]
[EventType "swiss"]
[EventCountry "NED"]
[SourceTitle "playchess.com"]
[Source "ChessBase"]
[SourceQuality "1"]
[TimeControl "5400+30"]

1. c4 e5 2. g3 Nf6 3. Bg2 c6 4. d3 d5 5. cxd5 cxd5 6. Nf3 Nc6 7. O-O h6 {[%emt 0:02:05] A11: English Opening: 1...c6.} 8. a3 Bd6 9. b4 a6 {[%emt 0:00:34] Black has an edge.} 10. Bb2 O-O 11. Nc3 Re8 {[%emt 0:03:23] [#]} 12. Rc1 $146 ({Predecessor:} 12. Nd2 Bf8 13. Rc1 a5 14. b5 Nd4 15. e3 Nf5 16. e4 dxe4 17. dxe4 Nd4 18. Nb3 {0-1 (43) Matthaei,A (2270)-Khenkin,I (2575) Dortmund 1993}) 12... Bg4 13. Re1 Qe7 14. Nd2 Qe6 15. Qb3 Ne7 16. e4 d4 17. Qxe6 Bxe6 18. Na4 (18. Ne2 {seems wilder.} a5 19. f4 axb4 20. fxe5 Bxe5 21. axb4 Ra2 22. Nf3) 18... Nd7 {[%emt 0:01:39][%cal Bf6d7,Bd7c5,Bc5a4][%mdl 32] Prevents Nb6.} 19. Nc5 (19. Nc4 $11 Bc7 20. Nc5) 19... Bxc5 $17 20. bxc5 Rec8 21. f4 Nxc5 22. Bf1 Na4 23. Ba1 {[%emt 0:02:43] [#]} f6 $1 {[%emt 0:01:00] Black is more active.} 24. Nf3 Nc6 25. Be2 b6 26. Kg2 Nc5 {[%emt 0:01:08] Pair of Knights!} 27. h3 Kf8 28. g4 {[%emt 0:00:08] Now White is beyond hope.} (28. Bb2 $17) 28... Nb3 $19 29. Rb1 Nxa1 ({Wrong is} 29... exf4 $2 30. Bd1 Nxa1 31. Rxa1 $19) 30. Rxa1 exf4 31. Rec1 Ke7 32. Rc2 Kd6 33. Rac1 b5 34. Kf2 g5 35. Rc5 Rab8 36. Ke1 a5 37. Kd2 b4 38. axb4 axb4 39. R5c2 Ra8 40. Bd1 b3 41. Rb2 Ra2 42. Rcb1 Kc5 {[%emt 0:01:30] aiming for ...Rca8.} 43. Kc1 Rxb2 44. Kxb2 Kb4 45. Rc1 Ne5 46. Rxc8 Nxd3+ 47. Kb1 Bxc8 48. Nxd4 {[%emt 0:00:14][%mdl 4096] Endgame KBN-KBN} Kc3 49. Nxb3 f3 50. Nc1 f2 {[%emt 0:00:55] Black mates.} 51. Be2 Ba6 52. Bf1 Nxc1 53. Bxa6 Nd3 {[%emt 0:00:06] Weighted Error Value: White=0.38/Black=0.12 (very precise)} 0-1

[Event "12th WLC Weekend 2022"]
[Site "Eindhoven"]
[Date "2022.05.15"]
[Round "5.7"]
[White "van der Valk, Niklas"]
[Black "Faber, Hugo"]
[Result "1-0"]
[ECO "E06"]
[WhiteElo "2200"]
[BlackElo "2076"]
[Annotator "TA"]
[PlyCount "69"]
[EventDate "2022.05.13"]
[EventType "swiss"]
[EventCountry "NED"]
[SourceTitle "playchess.com"]
[Source "ChessBase"]
[SourceQuality "1"]
[TimeControl "5400+30"]

1. c4 e6 2. g3 d5 3. Bg2 Nf6 4. Nf3 Be7 5. d4 O-O 6. Nc3 Nbd7 7. Qd3 b6 {[%emt 0:06:53] now scores much better than the old 7...c6. E06: Closed Catalan: Early deviations.} 8. O-O Bb7 9. Bf4 {[%emt 0:05:45] [#]} a6 $146 {[%emt 0:06:35] The position is equal.} ({Predecessor:} 9... c5 10. Rad1 Ba6 11. b3 dxc4 12. bxc4 cxd4 13. Nxd4 Nc5 14. Qc2 Rc8 15. Nc6 Qe8 16. Nxe7+ Qxe7 {1-0 (58) Kamalidenova,M (1405)-Altantuya,B Juiz de Fora 2014}) 10. Rac1 c5 11. cxd5 exd5 (11... Nxd5 12. Nxd5 exd5) (11... Nxd5 $11 12. Nxd5 exd5) 12. Rfd1 {[%emt 0:06:21] 0x0.001df4e95eb6dp-1022s more active pieces. The black rooks are badly placed.} (12. dxc5 $14 Nxc5 13. Qb1) 12... c4 $11 13. Qc2 b5 14. Ne5 Nb6 15. e4 dxe4 (15... Nxe4 {keeps more tension.} 16. Nxe4 dxe4 17. d5 f5) 16. Nxe4 Nxe4 17. Bxe4 Bxe4 18. Qxe4 {[%emt 0:00:04] Strongly threatening Nc6.} Qd5 19. Qe2 Rfe8 20. Qd2 (20. Ng4 $142) 20... Bf8 (20... g5 $142 21. Qa5 (21. Bxg5 $2 f6 $17) 21... Bd8) 21. Ng4 (21. b3 $142) 21... Qd8 (21... Qf3 $1 $17 22. Ne5 Qb7) 22. d5 $15 f6 (22... h5 $15 23. Ne5 Rc8) 23. h4 (23. d6 $5 ) 23... Qd7 24. Ne3 Re4 {[%emt 0:06:48] [#]} (24... Rac8 $11 {remains equal.}) 25. d6 $1 $16 {[%emt 0:03:04] Hoping for Nd5.} Rae8 $2 {[%emt 0:00:31] Loses the game.} (25... Qc6 $16) 26. Nd5 $18 Nxd5 27. Qxd5+ Kh8 {[%emt 0:00:21] [#]} 28. b3 $1 Rxf4 29. gxf4 Bxd6 $2 (29... Re6 {might work better.} 30. bxc4 Rxd6) 30. Re1 ({Stronger than} 30. Qxd6 Qg4+ 31. Kh1 Qh3+ 32. Kg1 Qg4+ 33. Kh2 Qxh4+ 34. Kg2 Qg4+ 35. Kh2 Qh4+ 36. Kg2 Qg4+ 37. Kh2 Qh4+ $11) (30. f5 $142) 30... Qg4+ 31. Qg2 Rxe1+ (31... Qxg2+ $142 32. Kxg2 Rc8 33. bxc4 Bxf4) 32. Rxe1 {[%emt 0:00:02] White wants to mate with Re8+.} h5 $2 (32... Qxg2+ 33. Kxg2 Kg8) 33. Qxg4 {[%emt 0:01:23] White is clearly winning.} hxg4 34. bxc4 bxc4 35. Rc1 {[%emt 0:00:21] Weighted Error Value: White=0.28 (precise) /Black=0.45} 1-0

[Event "12th WLC Weekend 2022"]
[Site "Eindhoven"]
[Date "2022.05.15"]
[Round "5.8"]
[White "Hubers, Daan"]
[Black "Zepeda, Lorena"]
[Result "1-0"]
[ECO "A00"]
[WhiteElo "1818"]
[BlackElo "2130"]
[Annotator "TA"]
[PlyCount "99"]
[EventDate "2022.05.13"]
[EventType "swiss"]
[EventCountry "NED"]
[SourceTitle "playchess.com"]
[Source "ChessBase"]
[SourceQuality "1"]
[TimeControl "5400+30"]

1. b4 d5 2. Bb2 Qd6 3. a3 e5 4. d3 Nf6 5. Nf3 Nbd7 {[%emt 0:00:48] [#]} 6. Nbd2 $146 {[%emt 0:00:35] A00: Irregular Openings.} ({Predecessor:} 6. e3 g6 7. Be2 Bg7 8. O-O O-O 9. h3 b6 10. c4 c6 11. Nbd2 Bb7 12. Nb3 {1-0 (59) Szymanski,L (1798)-Gajewski,W (1491) Poznan 2012}) 6... a5 7. b5 e4 8. Nd4 {[%emt 0:07:29] Black is slightly better.} e3 $1 9. fxe3 Ng4 10. N2f3 {[%emt 0:13:21] [#]} (10. Qc1 $15) 10... Nxe3 $2 (10... g6 $1 $17 {Strongly threatening ...Bh6.} 11. Nf5 gxf5 12. Bxh8 Nxe3) 11. Qd2 $11 Nxf1 12. Rxf1 {[%emt 0:00:35] aiming for Nf5.} Nf6 ({Black should play} 12... Nc5 $11) 13. a4 Be7 (13... Qb6 $11 {keeps the balance.}) 14. Nh4 ({Better is} 14. Ba3 $16 Qd8 15. Qe3) 14... Qxh2 {[%emt 0:10:15] [#]} (14... g6 $1 $11 {remains equal.}) 15. Nhf5 $1 $36 {[%emt 0:01:02][%mdl 2048] White has strong initiative. Active counter play! White leaves nothing to chance now.} Bb4 (15... Bxf5 $16 16. Nxf5 Bb4 17. Nxg7+ Kd7) 16. c3 (16. Nxg7+ $18 Kd8 17. Nc6+ (17. c3 Be7 $16) 17... bxc6 18. Bxf6+ Kd7 19. c3) 16... Bd6 (16... Bxf5 $16 {was worth a try.} 17. Nxf5 Bf8) 17. Nxg7+ $18 {[%emt 0:10:06] Pair of Knights!} Kf8 18. Ngf5 {[%emt 0:03:27] Prevents Qg3+.} Ng4 $2 (18... Bxf5 19. Nxf5 Ng4) 19. O-O-O {[%emt 0:06:54][%cal Ob5b6] And now b6! would win.} Bc5 $2 (19... Rg8 20. Rh1 Qf4) 20. Qg5 Bxf5 21. Qxf5 Qh6+ 22. Kb1 Qg6 23. Ne6+ Kg8 24. Nxc5 Ne3 25. Qe5 Nxd1 26. Rxd1 f6 27. Qxd5+ Qf7 28. Qf5 Qg6 29. Qf3 Re8 30. c4 {[%emt 0:00:44] Black must now prevent Nd7.} h5 31. Rf1 Rh6 32. Nxb7 Qg4 33. Qxg4+ hxg4 34. e4 Rh2 35. Rg1 Kf7 36. Bc1 Reh8 37. Bf4 Rh1 38. Rxh1 Rxh1+ 39. Kb2 Rd1 40. Kc3 Ra1 41. Nxa5 Rxa4 42. Nc6 Ke6 43. Bxc7 Kd7 44. Bf4 Ra3+ 45. Kd4 {[%emt 0:00:12] Threatens to win with g3.} Rb3 46. e5 f5 47. g3 {[%emt 0:00:21] White mates.} Ke6 48. Kc5 Rxd3 49. Nd4+ Kd7 50. e6+ {[%emt 0:00:23] Weighted Error Value: White=0.39/Black=0.51} 1-0

[Event "12th WLC Weekend 2022"]
[Site "Eindhoven"]
[Date "2022.05.15"]
[Round "5.9"]
[White "Van Doren, Bas"]
[Black "Straat, Evert-Jan"]
[Result "1/2-1/2"]
[ECO "C42"]
[WhiteElo "2102"]
[BlackElo "2034"]
[Annotator "TA"]
[PlyCount "159"]
[EventDate "2022.05.13"]
[EventType "swiss"]
[EventCountry "NED"]
[SourceTitle "playchess.com"]
[Source "ChessBase"]
[SourceQuality "1"]
[TimeControl "5400+30"]

1. e4 e5 2. Nf3 Nf6 3. Nxe5 d6 4. Nf3 Nxe4 5. Nc3 Nf6 6. d4 d5 {[%emt 0:00:35] C42: Petroff Defence: 3 Nxe5 and unusual White 3rd moves.} 7. Bf4 Bd6 8. Ne5 c6 (8... O-O) 9. Bd3 {[%emt 0:00:58] [#]} Be6 $146 ({Predecessor:} 9... O-O 10. O-O Bc7 11. Re1 Nbd7 12. Qf3 Re8 13. h3 Nf8 14. Bg5 N8d7 15. Ng4 Rxe1+ 16. Rxe1 {1-0 (26) Varga,R (1941)-Radics,N (1485) Budapest 2015}) 10. O-O O-O (10... Qb6 $2 11. Nxf7 $1 Kxf7 12. Bxd6 $18) 11. Bg3 c5 12. dxc5 Bxc5 13. h3 Nc6 14. Nf3 h6 15. Qd2 Nh5 16. Ne2 Qc8 17. Kh2 Nb4 18. c3 Nxd3 19. Qxd3 Nxg3 20. Nxg3 Qc7 21. Rad1 Rad8 22. Nd4 Rfe8 23. Kh1 Qf4 24. Qf3 Qxf3 25. Nxf3 a6 26. Nd4 f6 27. Kg1 Bf7 28. Rd2 Bd6 29. Ngf5 Bf4 30. Rd3 h5 31. g3 Bc7 32. Rfd1 Bg6 33. Re3 Rxe3 34. Nxe3 {[%emt 0:00:09] Pair of Knights!} Bb6 35. Ne6 Re8 36. Nf4 Bxe3 37. Nxg6 $11 {[%emt 0:02:37][%mdl 4096] Endgame KRB-KRN} Kh7 {[%emt 0:01:25] [#]} 38. Nf8+ Kg8 39. fxe3 Kxf8 40. Rxd5 {[%emt 0:00:32] Threatens to win with Kf2. KR-KR} h4 $1 41. Rd3 hxg3 42. Kg2 Re7 (42... b5 $11) 43. h4 (43. Kxg3 $14 Re5 44. c4) 43... Kf7 (43... Re4 $11) 44. Kxg3 $16 g6 45. Kf4 Ke6 46. Rd4 Rh7 47. Kg4 Rh5 48. Rb4 b5 49. a4 Rc5 (49... bxa4 $1 $14 50. Rxa4 a5) 50. Rd4 (50. axb5 $16 axb5 51. Re4+ Kf7 52. Kf3) 50... Ke5 (50... bxa4 $14 51. Rxa4 a5) 51. Kf3 Ke6 52. e4 (52. Re4+ $16 Kf7 53. Rb4) 52... Ke5 $2 {[%emt 0:00:33] [#]} (52... bxa4 $11 {and Black has nothing to worry.} 53. Rxa4 a5) 53. axb5 $2 ({Only move:} 53. a5 $1 $18) 53... axb5 $14 54. Rd8 b4 $1 {[%emt 0:00:40] The position is equal.} 55. cxb4 Rc2 56. Rd5+ Ke6 57. h5 gxh5 58. Rxh5 Rxb2 59. Rb5 Rb1 60. Ke2 Rb3 61. Kd2 Rb1 62. Kd3 Rd1+ 63. Kc4 Re1 64. Kd4 {[%emt 0:00:07] Black must now prevent Rd5.} Rd1+ 65. Kc5 Rc1+ 66. Kb6 {[%emt 0:01:55] Hoping for Rc5.} Re1 67. Kc7 {[%emt 0:00:37] Strongly threatening Rc5.} Rxe4 68. Rb6+ Ke5 69. b5 Rb4 70. Rb8 f5 71. Re8+ Kd4 72. b6 f4 73. b7 f3 74. b8=Q Rxb8 75. Rxb8 $11 {[%emt 0:00:26] KR-KP} f2 76. Rb1 Ke3 77. Kd6 Ke2 78. Rb2+ Ke1 79. Rxf2 Kxf2 80. Ke5 {[%emt 0:00:34] Weighted Error Value: White=0.19 (very precise) /Black=0.21 (precise)} 1/2-1/2

[Event "12th WLC Weekend 2022"]
[Site "Eindhoven"]
[Date "2022.05.15"]
[Round "5.10"]
[White "Slagboom, Leandro"]
[Black "Koster, Chiel"]
[Result "0-1"]
[ECO "E06"]
[WhiteElo "1997"]
[BlackElo "1924"]
[Annotator "TA"]
[PlyCount "84"]
[EventDate "2022.05.13"]
[EventType "swiss"]
[EventCountry "NED"]
[SourceTitle "playchess.com"]
[Source "ChessBase"]
[SourceQuality "1"]
[TimeControl "5400+30"]

1. d4 Nf6 2. c4 e6 3. Nf3 d5 4. g3 c6 5. Bg2 Be7 6. O-O O-O 7. Qc2 b6 $1 {[%emt 0:01:21][%mdl 4] is more profitable than 7...Nbd7 at the moment.} 8. Nbd2 Bb7 9. e4 dxc4 {[%emt 0:04:24] E06: Closed Catalan: Early deviations.} 10. Nxc4 h6 11. Rd1 $1 Nbd7 {[%emt 0:03:42] [#] White is slightly better.} 12. Ne3 $146 ({Predecessor:} 12. Bf4 c5 13. d5 exd5 14. exd5 Bxd5 15. Rd2 Qc8 16. Rad1 Bc6 17. Nd6 Bxd6 18. Rxd6 {0-1 (33) Molenda,M (2373)-Maciejczak,J (2383) Jastrzebia Gora 2019}) 12... Rc8 13. b3 Qc7 14. Bb2 Rfd8 15. Rac1 Qb8 16. Ne1 Qa8 17. f4 Nf8 18. Qd2 Rd7 19. e5 Ne8 20. f5 (20. Be4 $14) 20... exf5 $15 21. h4 {[%emt 0:02:19] [#]} (21. Nxf5 $15 Bg5 22. Qc3) 21... Ne6 (21... g6 $1 $17 22. h5 Ne6) 22. Nxf5 $14 Bf8 23. Bf3 (23. Qf2 $14) 23... Rcd8 $15 24. Qg2 g6 25. d5 cxd5 ({Don't play} 25... gxf5 $6 26. g4 Nf4 27. Qg3 Nxd5 28. gxf5+ Kh7 29. Rxd5 cxd5 30. e6) 26. Nd4 Bc5 27. Kh2 Nxd4 28. Bxd4 Bxd4 29. Rxd4 Re7 30. Nd3 Nc7 ({Better is} 30... Ng7 $17 31. Bg4 h5) 31. Bg4 (31. Nf4 $1 $15) 31... Nb5 ({Black should try} 31... Ne6 $17 32. Bxe6 Rxe6) 32. Rb4 {[%emt 0:00:17] [#]} (32. Rf4 $11) 32... d4 $1 33. Qf2 Be4 (33... Nc3 $1 $15 {stays ahead.}) 34. Qd2 $2 (34. Qf6 $16 {is necessary to keep the advantage.} Bxd3 35. Qxe7) 34... Nc3 $36 {[%emt 0:05:48][%mdl 2048] ...Bxd3 is the strong threat. Black is in control.} 35. Nf2 (35. Nf4 $17 {only move.}) 35... Qd5 $19 ({Much less strong is} 35... Rxe5 36. Rxd4 Red5 37. Rxd5 Qxd5 38. Qxc3 $18) 36. Qxh6 Nxa2 $2 {[%emt 0:00:48] Active counter play!} (36... Rxe5 $19 {and Black stays clearly on top.} 37. Rc4 Bf3) 37. e6 $2 {[%emt 0:00:43][%mdl 8192] This costs White the game.} (37. Re1 $17 Bh1 38. Bh3) 37... Nxc1 38. Qxc1 f5 39. Qg5 Qxe6 40. Nxe4 fxg4 {[%emt 0:01:34] Black mates.} 41. Nf6+ Kf7 42. Nxg4 Qe2+ {[%emt 0:00:06] Weighted Error Value: White=0.77/Black=0.33} 0-1

[Event "12th WLC Weekend 2022"]
[Site "Eindhoven"]
[Date "2022.05.15"]
[Round "5.11"]
[White "Coenen, Eduard"]
[Black "Verhoeven, Robin"]
[Result "1-0"]
[ECO "A80"]
[WhiteElo "2030"]
[BlackElo "1946"]
[Annotator "TA"]
[PlyCount "79"]
[EventDate "2022.05.13"]
[EventType "swiss"]
[EventCountry "NED"]
[SourceTitle "playchess.com"]
[Source "ChessBase"]
[SourceQuality "1"]
[TimeControl "5400+30"]

1. d4 f5 2. Nf3 Nf6 3. Bf4 g6 4. h3 Bg7 5. e3 O-O 6. Nc3 {[%emt 0:03:17] A80: Dutch Defence: Unusual White second moves.} d6 7. Bc4+ Kh8 8. Qe2 {[%emt 0:08:30] [#] White has an edge.} c6 $146 ({Predecessor:} 8... Qe8 9. O-O-O Nbd7 10. Rdg1 e5 11. Bh2 a5 12. g4 c6 13. dxe5 dxe5 14. a4 b6 15. gxf5 gxf5 {1-0 (26) Pribyl,V (1781)-Hlavina,M (1311) Kouty nad Desnou 2015}) 9. g4 (9. O-O) (9. Bb3 $11) 9... b5 (9... Ne4 {is interesting.} 10. Rd1 Qa5 11. Ng5 d5) 10. Bd3 Qa5 11. Nd2 {[%emt 0:05:16] [#]} b4 $1 12. Nc4 Qc7 13. Nb1 (13. g5 Nh5 14. Nd1 Bb7 $19) 13... Nd5 (13... c5 $17 {Threatens to win with ...cxd4.} 14. gxf5 Bxf5 15. Bxf5 gxf5 16. dxc5 Qxc5) 14. Bg3 (14. Bg5 $11 {keeps the balance.}) 14... f4 $17 15. Bh2 fxe3 16. fxe3 {[%emt 0:00:53] [#]} Bb7 (16... c5 $1 $17 17. Be4 Bb7) 17. Nbd2 $11 Nd7 18. Ne4 ({White should play} 18. h4 $15) 18... N7b6 (18... c5 $19 {...N5b6 is the strong threat.} 19. O-O-O cxd4 20. exd4 Nf4 21. Bxf4 Rxf4) 19. Nxb6 (19. Ncxd6 $15 exd6 20. Bxd6) 19... axb6 $17 20. h4 $2 (20. Ng5 $17 {nothing else works.} Qd7 21. Rf1) 20... c5 $19 21. h5 {[%emt 0:01:54] And now hxg6 would win.} c4 22. hxg6 {[%emt 0:13:05][%cal Og4g5] Strongly threatening g5!} cxd3 23. cxd3 Nf6 24. Bf4 Nxe4 25. Rxh7+ Kg8 26. Qh2 {[%emt 0:03:50][%cal Oh7h8] White threatens Rh8+! and mate.} e5 (26... Nf6 27. g5 Rxa2 28. Rxg7+ Kxg7 29. gxf6+ Kxf6 30. Rxa2 (30. Qh4+ Kxg6 31. Qg5+ Kf7 $15) 30... Qc1+ 31. Kf2 $11) 27. Bh6 {[%emt 0:03:47] [#]} (27. dxe5 $142 Nc5 28. exd6) 27... Rxa2 $3 28. Rd1 (28. Rxg7+ Qxg7) 28... Qc3+ $4 29. bxc3 $18 {[%emt 0:03:11][%mdl 64] Discovered Attack} Rxh2 30. Rxg7+ Kh8 31. Rh7+ (31. dxe4 Rh1+ 32. Kd2 Rf2+ 33. Kc1 Rhh2 34. Rxb7 Rc2+ 35. Kb1 Rb2+ 36. Ka1 Ra2+ 37. Kb1 Rab2+ 38. Ka1 Ra2+ 39. Kb1 Rab2+ $11) 31... Kg8 {[%emt 0:00:03] ( -> ...Rh1+)} 32. Bxf8 {[%emt 0:00:50][%mdl 64] Discovered Attack} ({Weaker is} 32. dxe4 Rh1+ 33. Ke2 Ba6+ 34. Kd2 Rf2+ 35. Kc1 b3 36. Rg7+ (36. Rxh1 {leads to mate.} b2+ 37. Kb1 Bd3+ 38. Ka2 b1=Q+ 39. Ka3 Ra2#) 36... Kh8 37. Rh7+ (37. Rxh1 b2+ 38. Kb1 Bd3+ 39. Ka2 b1=Q+ 40. Ka3 Ra2#) 37... Kg8 38. Rg7+ (38. Rxh1 b2+ 39. Kb1 Bd3+ 40. Ka2 b1=Q+ 41. Ka3 Ra2#) 38... Kh8 39. Rh7+ (39. Rxh1 {is a self mate.} b2+ 40. Kb1 Bd3+ 41. Ka2 b1=Q+ 42. Ka3 Ra2#) 39... Kg8 $11) 32... Rg2 33. dxe4 Ba6 34. Rd2 Rxg4 35. Ra2 b3 36. Rxa6 {[%emt 0:00:40] White mates.} b2 {[%emt 0:00:16] [#]} 37. Rxb6 $1 b1=Q+ (37... b1=R+ 38. Rxb1) 38. Rxb1 Rg1+ 39. Kf2 Rxb1 40. Bxd6 {[%emt 0:00:08] What a bad dream for Black.  Weighted Error Value: White=0.72/Black=0.52} 1-0

[Event "12th WLC Weekend 2022"]
[Site "Eindhoven"]
[Date "2022.05.15"]
[Round "5.12"]
[White "Becx, Cesar"]
[Black "Iolis, Oleg"]
[Result "1/2-1/2"]
[ECO "A03"]
[WhiteElo "2101"]
[BlackElo "2201"]
[Annotator "TA"]
[PlyCount "54"]
[EventDate "2022.05.13"]
[EventType "swiss"]
[EventCountry "NED"]
[SourceTitle "playchess.com"]
[Source "ChessBase"]
[SourceQuality "1"]
[TimeControl "5400+30"]

1. f4 c5 2. Nf3 Nf6 3. g3 Nc6 4. Bg2 g6 5. d3 d5 6. O-O Bg7 7. c3 O-O 8. Na3 Re8 {[%emt 0:00:42] A03: Bird's Opening with 1...d5.} 9. Nh4 e5 10. f5 $1 a6 (10... Ne7 $1 $11) 11. Bg5 $14 Qd6 12. e4 {[%emt 0:11:21] [#] Hoping for exd5.} b5 $146 ({Predecessor:} 12... d4 13. Nc4 Qd8 14. Qf3 Rf8 15. a4 b6 16. Qd1 Rb8 17. Qb3 Kh8 18. Rad1 b5 19. axb5 axb5 {0-1 (49) Wagner,G (1829)-Hewitt,W (2024) Cardiff 2016}) 13. exd5 Ne7 14. fxg6 fxg6 15. Bxf6 Bxf6 {[%emt 0:00:03] [#]} 16. Rxf6 Qxf6 17. d6 $1 {[%emt 0:00:07][%mdl 64] Discovered Attack} Ra7 18. dxe7 Raxe7 19. Qf3 (19. Nc2 $142) 19... Qb6 20. Qc6 Qa7 (20... Qxc6 $16 21. Bxc6 Rd8) 21. Nxg6 hxg6 22. Qxg6+ Kh8 23. Qh5+ Kg7 $2 (23... Kg8 $16) 24. Qg5+ $2 (24. Be4 $18 c4+ 25. d4) 24... Kh8 25. Qh5+ $2 (25. Rf1 $14 c4+ 26. d4 exd4 27. Qh6+ Kg8 28. Qg6+ Kh8 29. Qh6+ Kg8 30. Bd5+ Be6 31. Rf5 (31. Qg6+ Kh8 $14) 31... d3+ 32. Kf1 Bxd5 33. Qg6+ Kh8 34. Rh5+ Rh7 35. Qxe8+ Bg8 36. Nb1) 25... Kg7 $18 26. Be4 c4+ {[%emt 0:00:30] [#]} 27. d4 $1 {[%emt 0:00:06] Chess con chili.} Rf7 {[%emt 0:00:20][%mdl 32768] Weighted Error Value: White=0.34/Black=0.48. An unexpected result.} 1/2-1/2